 Dungeon Crawl Stone Soup version 0.20.0-8-g6b59dc7 (webtiles) character file.

507 zhorgal the Slicer (level 6, -6/44 HPs)
             Began as a Vampire Skald on June 1, 2017.
             Was an Initiate of Dithmenos.
             Mangled by Menkaure (9 damage)
             ... on level 5 of the Dungeon.
             The game lasted 00:18:57 (4855 turns).

zhorgal the Slicer (Vampire Skald)                  Turns: 4855, Time: 00:18:59

Health: -6/44      AC:  4    Str: 10    XL:     6   Next: 97%
Magic:  3/9        EV: 12    Int: 17    God:    Dithmenos [......]
Gold:   172        SH:  0    Dex: 14    Spells: 8/9 levels left

rFire    . . .     SeeInvis +   a - +1 short sword
rCold    . . .     Gourm    .   (no shield)
rNeg     + . .     Faith    .   b - +1 leather armour
rPois    .         Spirit   .   (no helmet)
rElec    .         Reflect  .   (no cloak)
rCorr    .         Harm     .   (no gloves)
MR       .....                  (no boots)
Stlth    +.........             w - amulet of rage
Regen    0.2/turn               (no ring)
MPRegen  0.2/turn               (no ring)

@: infused, very slightly contaminated, invisible
A: fangs 3, see invisible, unbreathing
a: Bat Form, Renounce Religion, Evoke Berserk Rage


You were on level 5 of the Dungeon.
You worshipped Dithmenos.
Dithmenos was noncommittal.
You were not thirsty.

You visited 1 branch of the dungeon, and saw 5 of its levels.
You also visited: Ossuary.

You collected 172 gold pieces.

Inventory:

Hand Weapons
 a - a +1 short sword (weapon)
 d - a +1 dagger of speed
 j - a +0 long sword
 l - a +0 hunting sling
 E - a +0 flail of protection
Missiles
 m - 25 stones (quivered)
 x - 3 tomahawks
Armour
 b - a +1 leather armour (worn)
 o - a +0 chain mail
Jewellery
 w - an amulet of rage (around neck)
Wands
 r - a wand of lightning (0/15)
Scrolls
 e - 5 scrolls of identify
 g - 2 scrolls of teleportation
 h - 3 scrolls of enchant armour
 i - 2 scrolls of recharging {unknown}
 n - 2 scrolls of noise {unknown}
 p - 3 scrolls of remove curse
 u - a scroll of fog {unknown}
 v - 3 scrolls of magic mapping {unknown}
 y - a scroll of enchant weapon
 A - a scroll of fear {unknown}
 F - a scroll of blinking {unknown}
Potions
 f - 3 potions of haste {unknown}
 k - 7 potions of curing {unknown}
 q - 7 potions of blood {@q1}
 s - 2 potions of might {unknown}
 t - 3 potions of lignification {unknown}
 z - 2 potions of brilliance {unknown}
 C - 2 potions of mutation {unknown}
 D - 2 potions of berserk rage {unknown}
Books
 c - a book of Battle

   Spells                             Type                      Level
   a - Infusion                       Charms                       1
   b - Shroud of Golubria             Charms/Translocation         2
   c - Song of Slaying                Charms                       2
   d - Spectral Weapon                Hexes/Charms                 3
   e - Regeneration                   Charms/Necromancy            3
 G - a book of Air

   Spells                             Type                      Level
   a - Shock                          Conjuration/Air              1
   b - Swiftness                      Charms/Air                   2
   c - Static Discharge               Conjuration/Air              3
   d - Airstrike                      Air                          4
   e - Lightning Bolt                 Conjuration/Air              5


   Skills:
 - Level 1.7 Fighting
 + Level 8.3 Short Blades
 - Level 0.7 Armour
 - Level 2.1 Dodging
 - Level 2.0 Spellcasting
 - Level 3.2 Charms


You had 8 spell levels left.
You knew the following spells:

 Your Spells              Type           Power        Failure   Level  Hunger
a - Infusion              Chrm           ##..         7%          1    #......


Dungeon Overview and Level Annotations

Branches:
Dungeon (5/15)             Temple (0/1) D:4

Altars:
Cheibriados
Dithmenos
Fedhas
Sif Muna
Vehumet
Yredelemnul

Annotations:
D:4 exclusion: statue, tuhats's ghost, novice MiFi
D:5 Menkaure


Innate Abilities, Weirdness & Mutations

You have razor-sharp teeth.
You have supernaturally acute eyesight. (SInv)
You can survive without breathing.


Message History

You hit the hound.
You kill the hound!
Dithmenos accepts your kill.
Menkaure casts a spell.
Menkaure seems to speed up.
One of your 8 potions of blood {@q1} rots away.
It was a potion of invisibility.
You fade into invisibility!
You are very lightly contaminated with residual magic.
You hit Menkaure. You bite Menkaure, but do no damage.
Menkaure is lightly damaged.
Menkaure hits you!
You hit Menkaure.
Menkaure is lightly damaged.
Menkaure hits you!!
* * * LOW HITPOINT WARNING * * *
You hit Menkaure.
Menkaure is lightly damaged.
Menkaure hits you!
You die...

.# .# .. .## ..
##.### #...M# #M#
..##.. #@# #.....##
. #.# #...>..###.
#.# #.......#.. #.#
#.........#
###.######.......#.#
#......##...........
#...................
#......###..........
#......###........#.


You could see Menkaure.

Vanquished Creatures
  A wraith (Ossuary)
  An elf zombie (Ossuary)
  A howler monkey (D:3)
  A hound (D:5)
  An orc wizard (D:4)
  An iguana (D:4)
  A worker ant (D:3)
  3 mummies (Ossuary)
  4 adders
  An ooze (D:2)
  A worm (D:3)
  2 leopard geckos (D:2)
  5 orcs (D:4)
  2 ball pythons (D:1)
  4 bats (D:2)
  3 giant cockroaches
  9 hobgoblins
  4 jackals (D:2)
  6 frilled lizards
  7 goblins
  A goblin zombie (Ossuary)
  2 hobgoblin zombies (Ossuary)
  6 kobolds
  4 kobold zombies (Ossuary)
  6 rats
77 creatures vanquished.

Vanquished Creatures (others)
  A goblin zombie (Ossuary)
1 creature vanquished.

Grand Total: 78 creatures vanquished

Notes
Turn   | Place    | Note
-------+----------+-------------------------------------------
     0 | D:1      | zhorgal the Vampire Skald began the quest for the Orb.
     0 | D:1      | Reached XP level 1. HP: 16/16 MP: 3/3
   487 | D:1      | Reached skill level 3 in Short Blades
   562 | D:1      | Reached XP level 2. HP: 19/22 MP: 5/5
  1362 | D:2      | Reached XP level 3. HP: 18/27 MP: 0/6
  1373 | D:2      | Reached skill level 4 in Short Blades
  2091 | D:3      | Found a snail-covered altar of Cheibriados.
  2094 | D:3      | Found a deep blue altar of Sif Muna.
  2094 | D:3      | Found a shadowy altar of Dithmenos.
  2097 | D:3      | Found a basalt altar of Yredelemnul.
  2147 | D:3      | Became a worshipper of Dithmenos the Shadowed
  2202 | D:3      | Reached XP level 4. HP: 33/33 MP: 3/7
  2256 | D:3      | Reached skill level 5 in Short Blades
  2298 | D:3      | Found a shadowy altar of Dithmenos.
  2481 | D:3      | Reached XP level 5. HP: 33/38 MP: 8/8
  2999 | D:4      | Noticed tuhats's ghost (novice MiFi)
  3013 | D:3      | Reached skill level 6 in Short Blades
  3113 | D:4      | Found a sand-covered staircase.
  3118 | Ossuary  | Entered an ossuary
  3118 | Ossuary  | Noticed a wraith
  3118 | Ossuary  | Noticed a wraith
  3118 | Ossuary  | Noticed a wraith
  3515 | Ossuary  | Noticed a wraith
  3532 | Ossuary  | Killed a wraith
  3532 | Ossuary  | Reached skill level 7 in Short Blades
  3532 | Ossuary  | Reached XP level 6. HP: 2/44 MP: 6/9
  4138 | D:4      | Reached * piety under Dithmenos
  4138 | D:4      | Reached skill level 8 in Short Blades
  4286 | D:4      | Found a staircase to the Ecumenical Temple.
  4776 | D:4      | Found a radiant altar of Vehumet.
  4807 | D:5      | Entered Level 5 of the Dungeon
  4807 | D:5      | Found a blossoming altar of Fedhas.
  4842 | D:5      | Noticed Menkaure
  4855 | D:5      | Mangled by Menkaure

Skill      XL: |  1  2  3  4  5  6 |
---------------+-------------------+-----
Short Blades   | 3 4 5 7 8 |  8.3
Fighting       | |  1.7
Armour         | |  0.7
Dodging        | |  2.1
Spellcasting   | |  2.0
Charms         | |  3.2

Action                   |  1- 3 |  4- 6 || total
-------------------------+-------+-------++-------
Melee: Short sword       |   185 |   136 ||   321
       Bite              |     9 |    10 ||    19
       Unarmed           |       |     4 ||     4
 Cast: Infusion          |     5 |    12 ||    17
 Abil: End Transformatio |       |     1 ||     1
       Bat Form          |       |     1 ||     1
Evoke: Wand              |       |     8 ||     8
  Use: Potion            |     9 |    11 ||    20
       Scroll            |       |     6 ||     6
 Stab: Sleeping          |     1 |     2 ||     3
Armor: Leather armour    |    42 |    14 ||    56
Dodge: Dodged            |    93 |    56 ||   149
